 Dungeon Sprint DCSS version 0.18.1-48-g4cf74bf (webtiles) character file.

29765 Groucho the Peltast (level 13, -10/125 HPs)
             Began as a Minotaur Fighter on June 26, 2016.
             Was the Champion of Cheibriados.
             Mangled by Aizul (15 damage)
             ... in the Dungeon (Sprint IX: "|||||||||||||||||||||||||||||").
             The game lasted 00:10:31 (3814 turns).

Groucho the Peltast (Minotaur Fighter)              Turns: 3814, Time: 00:10:32

Health: -10/125    AC: 28    Str: 37    XL:     13   Next: 16%
Magic:  23/23      EV: 21    Int: 23    God:    Cheibriados [******]
Gold:   1193       SH: 27    Dex: 32    Spells: 0 memorised, 12 levels left

rFire  + . .     SeeInvis .     D - +3 broad axe
rCold  . . .     Gourm    .     b - +1 plate armour {rF+}
rNeg   . . .     Faith    .     E - +1 large shield
rPois  .         Spirit   .     A - +2 hat
rElec  .         Dismiss  .     p - +0 cloak
rCorr  .         Reflect  .     a - +0 pair of gloves
SustAt .         Harm     .     z - +2 pair of boots {Fly}
MR     .....     NoTele   +     (no amulet)
Stlth  ..........               r - +3 ring of intelligence
                                q - +3 ring of dexterity

@: lethally poisoned (-10 -> -18), very slow, not resistant to hostile
enchantments, extremely unstealthy
A: retaliatory headbutt, horns 2
a: Bend Time, Temporal Distortion, Slouch, Step From Time, Renounce Religion,
Evoke Flight


You were in the Dungeon.
You worshipped Cheibriados.
Cheibriados was exalted by your worship.
You were not hungry.

You visited 1 branch You collected 1949 gold pieces.
You spent 756 gold pieces at shops.

Inventory:

Hand Weapons
 o - a +1 broad axe of freezing
 D - a +3 broad axe (weapon)
Armour
 a - a +0 pair of gloves (worn)
 b - a +1 plate armour of fire resistance (worn)
 p - a +0 cloak (worn)
 z - a +2 pair of boots of flying (worn)
 A - a +2 hat (worn)
 E - a +1 large shield (worn)
Jewellery
 q - a +3 ring of dexterity (left hand)
 r - a +3 ring of intelligence (right hand)
 y - an uncursed ring of protection from fire
 B - an uncursed ring of protection from fire
 C - an uncursed ring of see invisible
Wands
 n - a wand of lightning (7/15)
Scrolls
 k - 5 scrolls of blinking
 l - 3 scrolls of remove curse
 m - 2 scrolls of amnesia
 t - 2 scrolls of recharging
 u - a scroll of fog
 v - a scroll of identify
 F - 2 scrolls of enchant armour
Potions
 c - a potion of agility
 d - 2 potions of might
 e - 8 potions of curing
 g - 8 potions of heal wounds
 h - a potion of haste
 i - 4 potions of magic
 j - a potion of invisibility
 s - a potion of brilliance
Comestibles
 f - 13 bread rations
 w - 39 fruits
 x - 11 meat rations


   Skills:
 + Level 14.3 Fighting
 * Level 18.3 Axes
 * Level 17.2 Armour
 * Level 11.9 Dodging
 * Level 18.4 Shields
 - Level 6.6 Unarmed Combat
 + Level 15.0 Invocations


You had 12 spell levels left.
You didn't know any spells.

Dungeon Overview and Level Annotations

Branches:
Dungeon (1/1)

Altars:
Cheibriados
Dithmenos
Elyvilon
Fedhas
Gozag
Kikubaaqudgha
Makhleb
Nemelex Xobeh
Okawaru
Pakellas
Qazlal
Ru
Sif Muna
Trog
Vehumet
Xom
Yredelemnul
Zin
The Shining One
Beogh
Jiyva
Lugonu

Shops:
D (*[[

Annotations:
D Aizul


Innate Abilities, Weirdness & Mutations

You reflexively headbutt those who attack you in melee.
You have a pair of horns on your head.


Message History

You feel sick.
Aizul says, "I wasn't actually sleeping!"
Aizul coils himself and waves his upper body at you.
The bolt of poison misses you. Aizul hits you!
You wake up.
You hit Aizul but do no damage. You headbutt Aizul!
Aizul is moderately wounded.
You feel sick. You block Aizul's attack.
Unknown command.
You miss Aizul.
Aizul is moderately wounded.
You feel sick. Aizul casts a spell at you.
You fall asleep.
You feel sick. Aizul casts a spell at you. The bolt of poison misses you.
You feel sick. Aizul hits you!!!
You wake up.
* * * LOW HITPOINT WARNING * * *
Aizul hits you!
You die...

▓'▓.▓.▓.▓)▓.▓.▓.
▓.▓)▓.▓.▓.▓.▓.▓.▓.
▓.▓.▓.▓.▓.▓.▓.▓.▓.
▓.▓.▓.▓.▓.▓.▓.▓.▓.
▓.▓.▓.▓.▓.▓.▓.▓.▓.
▓.▓.▓.▓.▓.▓)▓.▓.▓.
▓.▓)▓.▓(▓.▓.▓.▓'▓.
▓S▓.▓.▓(▓.▓)▓.▓†▓.
▓@▓.▓.▓)▓.▓)▓.▓.▓.
▓.▓.▓.▓)▓.▓)▓.▓†▓.
▓.▓'▓.▓.▓.▓.▓.▓.▓.
▓.▓)▓.▓(▓.▓∩▓.▓.▓.
▓.▓)▓.▓.▓.▓)▓.▓.▓.
▓.▓)▓.▓(▓.▓∩▓.▓.▓.
▓.▓)▓.▓(▓.▓)▓.▓.▓.
▓.▓)▓.▓(▓.▓∩▓.▓.▓.
▓.▓†▓.▓.▓.▓)▓.▓:▓.


You could see Aizul.

Vanquished Creatures
  A lich (D)
  A greater naga (D)
  A stone giant (D)
  Azrael (D)
  A spark wasp (shapeshifter) (D)
  An ettin (D)
  2 centaur warriors (D)
  An alligator snapping turtle (D)
  An alligator (D)
  Nergalle (D)
  A sea snake (D)
  A shambling mangrove (D)
  2 hill giants (D)
  A wizard (D)
  3 orc knights (D)
  3 orc sorcerers (D)
  An orb spider (D)
  An ugly thing (D)
  A hornet (D)
  A deep elf mage (D)
  A griffon (D)
  A wolf spider (D)
  2 sirens (D)
  4 water nymphs (D)
  Joseph (D)
  4 black mambas (D)
  A guardian serpent (D)
  2 naga magi (D)
  5 spiny frogs (D)
  A rime drake (D)
  2 demonic crawlers (D)
  A komodo dragon (D)
  A yaktaur (D)
  3 giant leeches (D)
  A troll (D)
  A jumping spider (D)
  A two-headed ogre (D)
  A bog body (D)
  A blink frog (D)
  2 redbacks (D)
  2 yaks (D)
  2 tarantellas (D)
  2 fire elementals (D)
  2 hippogriffs (D)
  2 nagas (D)
  2 hell hounds (D)
  3 porcupines (D)
  A swamp drake (D)
  A water moccasin (D)
  6 orc warriors (D)
  A wasp (D)
  A phantom (D)
  A sky beast (D)
  An ogre (D)
  3 crocodiles (D)
  2 giant frogs (D)
  2 crimson imps (D)
  A jelly (D)
  5 orc priests (D)
  13 orc wizards (D)
  An iguana (D)
  An adder (D)
  2 shadow imps (D)
  5 worms (D)
  11 orcs (D)
  2 bats (D)
  A bat skeleton (D)
  A giant cockroach (D)
  A jackal (D)
  A kobold (D)
  A quokka skeleton (D)
142 creatures vanquished.

Vanquished Creatures (others)
  A bog body (D)
  A swamp drake (D)
2 creatures vanquished.

Grand Total: 144 creatures vanquished

Notes
Turn   | Place    | Note
--------------------------------------------------------------
     0 | D        | Groucho the Minotaur Fighter began the quest for the Orb.
     0 | D        | Reached XP level 1. HP: 19/19 MP: 0/0
    63 | D        | Noticed an ogre
    63 | D        | Noticed a crimson imp
    70 | D        | Killed an ogre
    70 | D        | Reached skill level 5 in Axes
    70 | D        | Reached XP level 2. HP: 28/30 MP: 1/1
    70 | D        | Reached XP level 3. HP: 34/37 MP: 2/2
    70 | D        | Reached XP level 4. HP: 41/44 MP: 3/3
    74 | D        | Reached XP level 5. HP: 48/51 MP: 4/4
   175 | D        | Found a glowing silver altar of Zin.
   175 | D        | Found a glowing golden altar of the Shining One.
   175 | D        | Found an ancient bone altar of Kikubaaqudgha.
   175 | D        | Found a basalt altar of Yredelemnul.
   175 | D        | Found a shimmering altar of Xom.
   175 | D        | Found a radiant altar of Vehumet.
   176 | D        | Found an iron altar of Okawaru.
   177 | D        | Found a burning altar of Makhleb.
   178 | D        | Found a deep blue altar of Sif Muna.
   179 | D        | Found a bloodstained altar of Trog.
   180 | D        | Found a sparkling altar of Nemelex Xobeh.
   181 | D        | Found a white marble altar of Elyvilon.
   182 | D        | Found a roughly hewn altar of Beogh.
   183 | D        | Found a viscous altar of Jiyva.
   184 | D        | Found a corrupted altar of Lugonu.
   185 | D        | Found a blossoming altar of Fedhas.
   186 | D        | Found a snail-covered altar of Cheibriados.
   187 | D        | Found a shadowy altar of Dithmenos.
   188 | D        | Found a stormy altar of Qazlal.
   189 | D        | Found an opulent altar of Gozag.
   190 | D        | Found a sacrificial altar of Ru.
   191 | D        | Found an oddly glowing altar of Pakellas.
   198 | D        | Became a worshipper of Cheibriados the Contemplative
   249 | D        | Noticed a yak
   249 | D        | Noticed a hill giant
   249 | D        | Noticed a sky beast
   253 | D        | Killed a yak
   253 | D        | Reached XP level 6. HP: 57/60 MP: 4/7
   258 | D        | Killed a hill giant
   258 | D        | Reached skill level 5 in Invocations
   258 | D        | Reached XP level 7. HP: 56/69 MP: 4/10
   259 | D        | Reached * piety under Cheibriados
   259 | D        | Reached skill level 10 in Shields
   262 | D        | Reached skill level 10 in Armour
   267 | D        | Reached ** piety under Cheibriados
   493 | D        | Noticed a hill giant
   498 | D        | Killed a hill giant
   498 | D        | Reached *** piety under Cheibriados
   498 | D        | Reached skill level 10 in Axes
   498 | D        | Reached skill level 5 in Dodging
   498 | D        | Reached XP level 8. HP: 49/78 MP: 10/12
   512 | D        | Reached **** piety under Cheibriados
   858 | D        | Noticed a spiny frog
   858 | D        | Noticed a spiny frog
   861 | D        | Noticed a spiny frog
   862 | D        | Reached skill level 1 in Unarmed Combat
   863 | D        | Noticed a black mamba
   865 | D        | Killed a spiny frog
   865 | D        | Reached XP level 9. HP: 69/85 MP: 13/13
   866 | D        | Noticed a rime drake
   866 | D        | Reached ***** piety under Cheibriados
   872 | D        | Killed a spiny frog
   873 | D        | Reached skill level 10 in Fighting
   875 | D        | Killed a spiny frog
   877 | D        | Killed a black mamba
   879 | D        | Killed a rime drake
   879 | D        | Reached ****** piety under Cheibriados
  1230 | D        | Noticed a spiny frog
  1232 | D        | Killed a spiny frog
  1236 | D        | Reached XP level 10. HP: 76/94 MP: 14/16
  1254 | D        | Reached skill level 5 in Unarmed Combat
  1260 | D        | Reached skill level 10 in Invocations
  1633 | D        | Noticed Joseph
  1644 | D        | Killed Joseph
  1835 | D        | Noticed an orc knight
  1836 | D        | Noticed an orc knight
  1844 | D        | Killed an orc knight
  1850 | D        | Killed an orc knight
  1852 | D        | Noticed an orc knight
  1863 | D        | Killed an orc knight
  2121 | D        | Found Boufrufu's Weapon Emporium.
  2121 | D        | Noticed an orc sorcerer
  2121 | D        | Noticed an orc sorcerer
  2122 | D        | Noticed a smoke demon
  2123 | D        | Noticed an orc sorcerer
  2125 | D        | Killed an orc sorcerer
  2125 | D        | Reached XP level 11. HP: 91/104 MP: 12/18
  2128 | D        | Killed an orc sorcerer
  2129 | D        | Found Pimoetut's General Store.
  2130 | D        | Killed an orc sorcerer
  2138 | D        | Found Qoetoh's Antique Armour Emporium.
  2143 | D        | Found Pipuxet's Armour Shoppe.
  2169 | D        | Bought a glowing plate armour for 552 gold pieces
  2169 | D        | Bought a pair of glowing boots for 108 gold pieces
  2169 | D        | Bought a glowing hat for 96 gold pieces
  2365 | D        | Noticed a deep elf mage
  2365 | D        | Noticed a red ugly thing
  2365 | D        | Noticed a centaur warrior
  2368 | D        | Killed a deep elf mage
  2368 | D        | Reached skill level 15 in Shields
  2374 | D        | Killed a red ugly thing
  2377 | D        | Noticed a centaur warrior
  2377 | D        | Noticed a wizard
  2378 | D        | Killed a centaur warrior
  2378 | D        | Reached skill level 15 in Axes
  2381 | D        | Noticed a lich
  2385 | D        | Killed a centaur warrior
  2395 | D        | Noticed an Executioner
  2396 | D        | Killed a wizard
  2400 | D        | Killed a lich
  2400 | D        | Reached skill level 10 in Dodging
  2501 | D        | Noticed an ettin
  2502 | D        | Noticed a stone giant
  2509 | D        | Noticed an anaconda
  2509 | D        | a giant leech changed into an anaconda
  2511 | D        | Noticed an ettin
  2511 | D        | an anaconda changed into an ettin
  2514 | D        | Noticed a spark wasp
  2514 | D        | an ettin changed into a spark wasp
  2516 | D        | Killed a spark wasp
  2525 | D        | Killed a stone giant
  2525 | D        | Reached skill level 15 in Armour
  2525 | D        | Reached XP level 12. HP: 106/113 MP: 20/20
  2530 | D        | Killed an ettin
  2758 | D        | Noticed Azrael
  2766 | D        | Killed Azrael
  3014 | D        | Noticed an alligator
  3025 | D        | Killed an alligator
  3137 | D        | Noticed an alligator snapping turtle
  3161 | D        | Killed an alligator snapping turtle
  3683 | D        | Reached XP level 13. HP: 124/124 MP: 22/22
  3685 | D        | Noticed a greater naga
  3697 | D        | Killed a greater naga
  3773 | D        | Noticed Nergalle
  3782 | D        | Killed Nergalle
  3782 | D        | Reached skill level 15 in Invocations
  3805 | D        | Noticed Aizul
  3814 | D        | HP: 5/125 [Aizul (38)]
  3814 | D        | Mangled by Aizul

Skill      XL: |  1  2  3  4  5  6  7  8  9 10 11 12 13 |
---------------+----------------------------------------+-----
Fighting       | 6 7 8 9 10 11 12 14 | 14.3
Axes           | 5 6 7 9 10 11 12 14 16 17 18 | 18.3
Shields        | 6 8 9 10 11 13 14 16 18 | 18.4
Armour         | 6 8 9 10 11 12 13 15 16 17 | 17.2
Dodging        | 2 4 5 6 7 8 10 11 | 11.9
Invocations    | 3 5 7 9 11 13 14 15 | 15.0
Unarmed Combat | 2 4 6 |  6.6

Action                   |  1- 3 |  4- 6 |  7- 9 | 10-12 | 13-15 || total
-------------------------+-------+-------+-------+-------+-------++-------
Melee: War axe           |    19 |     4 |       |       |       ||    23
       Headbutt          |     4 |     2 |    13 |    95 |     6 ||   120
       Broad axe         |       |     9 |    52 |   222 |    22 ||   305
Invok: Slouch            |       |       |       |    16 |     2 ||    18
  Use: Potion            |     1 |       |       |     2 |       ||     3
       Scroll            |       |       |       |     1 |       ||     1
 Stab: Confused          |       |       |       |     1 |       ||     1
  Eat: Beef jerky        |       |       |       |     1 |       ||     1
       Fruit             |       |       |       |     1 |       ||     1
       Meat ration       |       |       |       |     1 |       ||     1
Armor: Scale mail        |     8 |     1 |     6 |     4 |       ||    19
       Plate armour      |       |       |       |    19 |     3 ||    22
Dodge: Dodged            |     3 |     2 |    11 |    57 |     8 ||    81
Block: Shield            |     8 |     4 |    17 |    51 |       ||    80
       Large shield      |       |       |       |   101 |    29 ||   130
